 Dungeon Crawl Stone Soup version 0.32-a0-871-ge202e49faa (webtiles) character file.

Game seed: 16944361221675967787

1043374 jasper the Conqueror (level 27, -18/157 (273) HPs)
             Began as a Mountain Dwarf Berserker on Mar 29, 2024.
             Was the Champion of the Shining One.
             Demolished by an iron giant
             ... wielding a +0 giant spiked club
              (39 damage)
             ... on level 7 of the Iron City of Dis.
             The game lasted 02:53:32 (103298 turns).

jasper the Conqueror (Mountain Dwarf Berserker)   Turns: 103298, Time: 02:53:32

HP:   -18/157 (273) AC: 40    Str: 31 (34) XL:     27
MP:   35/45         EV: 16    Int:  8      God:    the Shining One [******]
Gold: 11260         SH:  5    Dex:  8 (15) Spells: 22/26 levels left

rFire   + + +        g - +9 executioner's axe (holy)
rCold   + . .        (shield currently unavailable)
rNeg    + + +        N - +14 pearl dragon scales "Tourr" {+Blink rN+}
rPois   +            A - +2 hat of the Iron City of Dis {Fly Slay+2 SInv}
rElec   +            K - scarf {rC+ rF+}
rCorr   +            V - +2 pair of gloves {Str+3}
SInv    +            c - +2 pair of boots of Xeovabyo {Fly MP+9}
Will    ++...        J - amulet "Anaa" {Reflect rElec rCorr Str-3 SH+5 SInv}
Stlth   x              - ring of Azaith {rPois rC+}
HPRegen 1.26/turn    H - ring of Sovereignty {*Slow rF++ rN+ Dex+6}
MPRegen 0.29/turn

%: slow self (1%), reflection
@: flying, glowing, studying 2 skills, very heavily drained, corroded
A: runic magic, artefact enchanting, iridescent scales 1, low MP 1, mutation
resistance 1, regeneration 1, cold vulnerability 1, persistent drain
}: 12/15 runes: barnacled, slimy, silver, obsidian, bone, abyssal, demonic,
glowing, magical, fiery, dark, gossamer
a: Renounce Religion, Evoke Blink, Divine Shield, Cleansing Flame, Summon Divine
Warrior


You were on level 7 of the Iron City of Dis.
You worshipped the Shining One.
The Shining One was exalted by your worship.
You visited 16 branches of the dungeon, and saw 78 of its levels.
You visited Pandemonium 2 times, and saw 20 of its levels.
You visited the Abyss 2 times.
You also visited: Trove, Gauntlet and Ice Cave.

You collected 14120 gold pieces.
You spent 2860 gold pieces at shops.

Inventory:

Hand Weapons
 g - a +9 executioner's axe of holy wrath (weapon)
 W - a +9 antimagic executioner's axe
Missiles
 f - 11 javelins
 j - 15 silver javelins
 u - 12 throwing nets
 v - 9 curare-tipped darts (quivered)
Armour
 c - the +2 pair of boots of Xeovabyo (worn) {Fly MP+9}
   (You found it on level 3 of the Elven Halls)

   MP+9:      It affects your magic capacity (+9).
   Fly:       It grants you flight.
 A - the +2 hat of the Iron City of Dis (worn) {Fly Slay+2 SInv}
   (You found it on level 5 of the Dungeon)

   Slay+2:    It affects your accuracy & damage with ranged weapons and melee
   (+2).
   SInv:      It lets you see invisible.
   Fly:       It grants you flight.
 K - a scarf of resistance (worn)
 N - the +14 pearl dragon scales "Tourr" (worn) {+Blink rN+}
   (You found it in a Gauntlet)

   rN+:       It protects you from negative energy.
   +Blink:    It lets you blink.
 V - a +2 pair of gloves of strength (worn)
Jewellery
 k - an amulet of faith
 x - the ring of Azaith (left hand) {rPois rC+}
   (You found it in a treasure trove)

   [ring of protection from cold]

   rC+:       It protects you from cold.
   rPois:     It protects you from poison.
 H - the ring of Sovereignty (right hand) {*Slow rF++ rN+ Dex+6}
   (You found it in a treasure trove)

   [ring of dexterity]

   Dex+6:     It affects your dexterity (+6).
   rF++:      It greatly protects you from fire.
   rN+:       It protects you from negative energy.
   *Slow:     It may slow you when you take damage.
 J - the amulet "Anaa" (around neck) {Reflect rElec rCorr Str-3 SH+5 SInv}
   (You found it on level 10 of the Dungeon)

   [amulet of reflection]

   Reflect:   It reflects blocked missile attacks.
   Str-3:     It affects your strength (-3).
   rElec:     It insulates you from electricity.
   SInv:      It lets you see invisible.
   rCorr:     It protects you from acid and corrosion.
   SH+5:      It affects your SH (+5).
 U - the dreamshard necklace {Acrobat *Dream}
   (You found it in a treasure trove)

   [amulet of the acrobat]

   *Dream:    It absorbs a single lethal wound into itself, holding its wearer
   just short of death and releasing dream-creatures to guard them.
   Acrobat:   It increases your evasion while moving and waiting.
 Z - the amulet of the Four Winds {rN+ Will+++ Clar}
   (You found it in a treasure trove)

   [amulet of nothing]

   rN+:       It protects you from negative energy.
   Will+++:   It greatly increases your willpower.
   Clar:      It protects you from confusion, rage, mesmerisation and fear.
Wands
 l - a wand of light (38)
 E - a wand of digging (20)
 G - a wand of paralysis (32)
 M - a wand of roots (64)
 O - a wand of polymorph (36)
Scrolls
 e - 9 scrolls of vulnerability
 i - 14 scrolls of noise
 m - 18 scrolls of teleportation
 n - 5 scrolls of blinking
 q - 5 scrolls of immolation
 s - 16 scrolls of fog
 y - 7 scrolls of silence
 z - 12 scrolls of enchant armour
 P - 9 scrolls of poison
 S - 7 scrolls of butterflies
 X - 5 scrolls of revelation
 Y - 20 scrolls of fear
Potions
 a - 9 potions of enlightenment
 b - 3 potions of resistance
 h - 5 potions of invisibility
 o - 6 potions of ambrosia
 p - 6 potions of berserk rage
 r - 15 potions of lignification
 t - 3 potions of brilliance
 w - 15 potions of curing
 C - 12 potions of haste
 D - 2 potions of mutation
 L - 6 potions of might
 R - 6 potions of attraction
Miscellaneous
 d - a box of beasts
 B - a lightning rod (4/4)
 F - a condenser vane
 I - a phantom mirror
 T - a phial of floods


   Skills:
 O Level 27 Fighting
 - Level 24.0 Axes
 O Level 27 Armour
 + Level 25.1 Dodging
 - Level 10.0 Translocations
 - Level 10.0 Air Magic
 O Level 27 Invocations
 - Level 15.0 Evocations


You had 22 spell levels left.
You knew the following spells:

 Your Spells              Type           Power      Damage    Failure   Level
a - Vhi's Electric Charg  Tloc/Air       32%        N/A       8%          4

Your spell library contained the following spells:

 Spells                   Type           Power      Damage    Failure   Level
 Apportation              Tloc           32%        N/A       1%          1
 Blink                    Tloc           32%        N/A       1%          2
 Cigotuvi's Dreadful Rot  Necr/Alch/Air  10%        N/A       19%         2
 Magic Dart               Conj           0%         1d3       43%         1
 Necrotise                Necr           0%         1d4       43%         1
 Sting                    Conj/Alch      0%         1d3       43%         1
 Summon Small Mammal      Summ           0%         N/A       43%         1
 Dimensional Bullseye     Hex/Tloc       4%         N/A       52%         4
 Iskenderun's Mystic Bla Conj/Tloc 8%             2d4        (+2d1     52%         4
 Summon Lightning Spire   Summ/Air       8%         N/A       52%         4
 Call Imp                 Summ           0%         N/A       56%         2
 Ensorcelled Hibernation  Hex/Ice        0%         N/A       56%         2
 Jinxbite                 Hex            0%         N/A       56%         2
 Searing Ray              Conj           0%         2d4       56%         2
 Call Canine Familiar     Summ           0%         N/A       80%         3
 Frozen Ramparts          Ice            0%         1d1       80%         3
 Fugue of the Fallen      Necr           0%         N/A       80%         3
 Hailstorm                Conj/Ice       0%         3d5       80%         3
 Ozocubu's Armour         Ice            0%         N/A       80%         3
 Sigil of Binding         Hex            0%         N/A       80%         3
 Stone Arrow              Conj/Erth      0%         3d7       80%         3
 Summon Ice Beast         Ice/Summ       0%         N/A       80%         3
 Tukima's Dance           Hex            0%         N/A       80%         3
 Arcjolt                  Conj/Air       4%         1d14      86%         5
 Summon Forest            Summ/Tloc      4%         N/A       86%         5
 Freezing Cloud           Conj/Ice/Air   2%         6-21      98%         5
 Anguish                  Hex/Necr       0%         N/A       99%         4
 Animate Armour           Summ/Erth      0%         N/A       99%         4
 Fulminant Prism          Conj/Alch      0%         3d5       99%         4
 Ignite Poison            Fire/Alch      0%         N/A       99%         4
 Leda's Liquefaction      Alch/Erth      0%         N/A       99%         4
 Summon Blazeheart Golem  Fire/Summ      0%         N/A       99%         4
 Alistair's Intoxication  Alch           0%         N/A       100%        5
 Curse of Agony           Necr           0%         N/A       100%        5
 Iskenderun's Battlesphe  Conj           0%         2d6       100%        5
 Lee's Rapid Deconstruct  Erth           0%         3d4*      100%        5
 Metabolic Englaciation   Hex/Ice        0%         N/A       100%        5
 Yara's Violent Unravell  Hex/Alch       0%         3d3       100%        5
 Bombard                  Conj/Erth      0%         9d1       100%        6
 Permafrost Eruption      Ice/Erth       0%         2x4d2     100%        6
 Plasma Beam              Fire/Air       4%         2x1d14    100%        6
 Sculpt Simulacrum        Ice/Alch       0%         N/A       100%        6
 Enfeeble                 Hex            0%         N/A       100%        7
 Ozocubu's Refrigeration  Ice            0%         4d7       100%        7
 Spellforged Servitor     Conj/Summ      0%         N/A       100%        7
 Summon Hydra             Summ           0%         N/A       100%        7
 Lehudib's Crystal Spear  Conj/Erth      0%         10d2      100%        8
 Fire Storm               Conj/Fire      0%         5d1       100%        9
 Polar Vortex             Ice            0%         N/A       100%        9


Dungeon Overview and Level Annotations

Branches:
Dungeon (15/15)            Temple (1/1) D:6            Lair (5/5) D:8
 Shoals (4/4) Lair:2       Spider (4/4) Lair:2        Slime (5/5) Lair:5
    Orc (2/2) D:12            Elf (3/3) Orc:2        Vaults (5/5) D:14
  Crypt (3/3) Vaults:3       Tomb (0/3) Crypt:3      Depths (4/4) D:15
   Hell (visited)             Dis (7/7) Hell            Geh (7/7) Hell
    Coc (0/7) Hell            Tar (7/7) Hell            Zot (5/5) Depths:4
  IceCv (visited)         Gauntlet (visited)

Altars:
Ashenzari
Cheibriados
Dithmenos
Elyvilon
Fedhas
Gozag
Hepliaklqana
Kikubaaqudgha
Makhleb
Nemelex Xobeh
Okawaru
Qazlal
Ru
Sif Muna
Trog
Uskayaw
Vehumet
Wu Jian
Xom
Yredelemnul
Zin
The Shining One

Shops:
D:6 *   D:7 *   D:9 *   D:12 *   D:13 =   D:14 =   Orc:1 *   Orc:2 (((?:
Elf:2 ?   Elf:3 =   Shoals:2 =   Shoals:3 (   Shoals:4 :   Vaults:3 *
Vaults:5 [   Depths:1 *

Portals:
Hell: Depths:1 Depths:2 Depths:3 Depths:4
Abyss: Depths:3
Pandemonium: Depths:2 Depths:3
Ziggurat: Depths:2

Annotations:
D:14 Roxanne
Lair:1 1 runed translucent door, Rickenoc's ghost, journeyman GnSu
Shoals:2 2 transporters, exclusion: orange crystal statue
Elf:3 exclusion: 3 doors
Zot:5 1 exclusion


Innate Abilities, Weirdness & Mutations

Your spellcasting is much less encumbered by armour.
You can use scrolls of enchantment on lesser artefacts.
You are partially covered in iridescent scales. (AC +2)
Your magical capacity is low. (-10% MP)
You are somewhat resistant to further mutation.
Your natural rate of healing is unusually fast.
You are vulnerable to cold. (rC-)
Your health recovers twice as slowly from being drained.


Message History

You slice the iron giant!!
The iron giant is lightly wounded.
You slice the ancient champion!!
The ancient champion convulses!
Your angel hits the war gargoyle but does no damage. x2
The iron giant hits you with a +0 giant spiked club!!
* * * LOW HITPOINT WARNING * * *
The ancient champion hits you but does no damage.
The war gargoyle hits your angel with a +0 morningstar!!
Your angel dies!
Your angel dissolves into sparkling lights!
You take 22 damage, and have 16/154 hp.
Activating: Cleansing Flame (0% risk of failure)
Press: ? - help, Dir - look around, f - activate The golden flame engulfs you but does no damage.
The golden flame engulfs the iron giant!!!
The iron giant is moderately wounded.
The golden flame engulfs the ancient champion!!!
The ancient champion writhes in agony!
You destroy the ancient champion!
The Shining One accepts your kill.
You feel better.
The golden flame engulfs the iron golem!
The iron golem is lightly damaged.
The iron giant throws the iron golem at you!
* * * LOW HITPOINT WARNING * * *
The iron golem hits you but does no damage.
The iron golem completely misses you.
You feel your dexterity returning.
You regained 4 hp, and now have 20/157 hp.
You now have 40/45 mp.
Activating: Cleansing Flame (0% risk of failure)
Press: ? - help, Dir - look around, f - activate The golden flame engulfs you but does no damage.
You resist.
The golden flame engulfs the iron giant!!
The iron giant is heavily wounded.
The golden flame engulfs the iron golem!!!
The iron golem is moderately damaged.
The iron giant hits you with a +0 giant spiked club!!!
You die...

***,,,,,,,,,,,,,,,,,,*
**,,,,,,,,,,#######*
*,,,,,,,,,,,#.....#
**,,,,,,,,ß,#.....#
***,,,,,,,,ß,,#.....#
,,,,,,,,,,,,,,#.....#
,,,,,,,ßß,####*.....#
,,,,,,,,,,#...##C#'###
,,,,******#...'.@....#
,,ß,*,,,,,#...#.9....#
,ß,,*,,,,,##'##).....#
,,,,*,,...#...9.....##
*****,,...'9.9......##
,,,,*,,...#....).....#
,,,,***'*##..........#
,,,,+,,,.............#
,,,,*,,.....#.......##


You could see 2 iron golems, an iron giant and a war gargoyle.

Vanquished Creatures
  the Royal Jelly (Slime:5)
  Asmodeus (Geh:7)
  Ereshkigal (Tar:7)
  Mnoleg (Pan)
  Lom Lobon (Pan)
  Gloorx Vloq (Pan)
  Khufu (Crypt:1)
  A dread lich (Hell)
  3 ancient liches
  3 pandemonium lords (Pan)
  3 juggernauts
  A royal mummy (Crypt:2)
  A Killer Klown (Zot:2)
  Saint Roka (Crypt:2)
  10 caustic shrikes
  3 curse toes
  Geryon (Hell)
  7 profane servitors
  9 golden dragons
  A pearl dragon (Pan)
  20 bone dragons
  9 Tzitzimimeh
  8 doom hounds
  9 Brimstone Fiends
  7 hellephants
  5 Hell Sentinels
  Jorgrun (Shoals:2)
  2 walking crystal tomes
  A shard shrike skeleton (Crypt:3)
  14 tentacled monstrosities
  A walking earthen tome (Depths:3)
  6 liches
  Zenata (Elf:3)
  12 tainted leviathans
  A deep elf blademaster (Elf:3)
  Mlioglotl (Spider:2)
  4 titans
  7 quicksilver dragons
  A walking frostbound tome (Depths:2)
  2 deep elf master archers (Elf:3)
  19 searing wretches
  12 ancient champions
  Polyphemus (Shoals:2)
  2 death cobs
  6 sphinxes
  26 Executioners (Pan)
  An eldritch tentacle (Pan)
  20 acid blobs
  3 tentacled starspawn
  16 storm dragons
  Agnes (D:14)
  Aizul (Shoals:4)
  9 tengu reavers
  12 shadow dragons
  2 daevas (Abyss:3)
  Kirke (Shoals:1)
  A fenstrider witch (Pan)
  7 demonspawn warmongers (Pan)
  11 rockslimes
  4 draconian knights
  8 protean progenitors
  5 azure jellies
  10 frost giants
  2 revenants (Crypt:1)
  3 draconian monks
  Ilsuiw (Shoals:2)
  2 nagarajas
  5 quicksilver elementals
  6 deep elf sorcerers
  22 fire giants
  6 ghost moths
  9 emperor scorpions
  2 draconian scorchers
  4 draconian shifters
  35 balrugs
  8 iron dragons
  A deep elf elementalist (Elf:2)
  17 vault wardens
  5 ghouls
  A spectral juggernaut (Tar:2)
  A juggernaut zombie (Hell)
  3 orc warlords
  3 angels
  4 curse skulls
  7 draconian annihilators
  3 draconian stormcallers
  10 demonspawn blood saints (Pan)
  37 reapers
  18 ironbound preservers
  5 demonspawn corrupters (Pan)
  An ophan (Pan)
  10 quicksilver oozes
  6 broodmothers
  2 caustic shrike skeletons (Pan)
  8 ironbound thunderhulks
  32 very ugly things
  6 formless jellyfish
  19 cacodemons
  6 green draconians
  7 juggernaut skeletons
  The ghost of Fetsenlu the Warrior, a journeyman CoHu of Okawaru (Lair:3)
  6 apis (Pan)
  16 putrid mouths
  5 vampire knights
  7 lorocyprocas (Pan)
  31 stone giants
  11 red draconians
  14 black draconians
  8 demonspawn black suns (Pan)
  9 deep elf demonologists
  10 deep elf annihilators
  3 spark wasps
  9 dire elephants
  10 yellow draconians
  6 deep elf death magi
  5 purple draconians
  A bunyip (Abyss:1)
  Azrael (D:15)
  6 white draconians
  The ghost of Kudolal the Severer, a journeyman MiMo of Zin (D:13)
  11 ettins
  A minotaur (Gauntlet)
  6 eidola
  23 war gargoyles
  2 crystal guardians (Vaults:4)
  19 blizzard demons
  A spectral quicksilver dragon (Tar:4)
  11 yaktaur captains
  6 jiangshi
  12 green deaths (Pan)
  8 spriggan zombies
  8 entropy weavers
  7 deep elf high priests
  5 merfolk javelineers
  7 iron golems
  9 merfolk impalers
  3 spectral spriggans
  14 great orbs of eyes
  12 fire dragons
  13 ice dragons
  7 hydras
  40 vault guards
  2 peacekeepers (Vaults:4)
  13 salamander tyrants
  2 ogre magi
  4 jorogumos
  6 ironbound frosthearts
  9 rakshasas
  19 centaur warriors
  6 hell beasts
  2 spriggan skeletons
  An alligator (Zot:1)
  3 merfolk avatars
  4 merfolk aquamancers
  2 catoblepae
  2 death knights
  8 boulder beetles
  An alligator snapping turtle (Shoals:4)
  5 radroaches
  39 dancing weapons
  6 spriggan air magi
  A sphinx skeleton (Depths:2)
  4 death yaks (Shoals:2)
  A satyr (Shoals:4)
  A spectral stone giant (Tar:2)
  A bennu skeleton (Crypt:1)
  4 stokers
  13 two-headed ogres
  7 deep troll shamans
  2 occultists
  6 vampire magi
  3 orc high priests
  7 tengu warriors
  25 hell hogs
  4 deep troll earth magi
  2 titan zombies (Hell)
  45 hell knights
  A thrashing horror (Abyss:2)
  5 spriggan berserkers
  40 soul eaters
  21 demonic crawlers
  6 spriggans
  8 hellephant skeletons (Pan)
  A crystal echidna (Dis:7)
  Nergalle (Lair:2)
  2 spectral nagas
  16 deep elf knights
  A titan skeleton (Crypt:3)
  2 holy swine (Abyss:3)
  2 skysharks (shapeshifter) (Vaults:5)
  An emperor scorpion zombie (Hell)
  13 iron trolls
  A skyshark (Shoals:2)
  69 sun demons
  3 wretched stars (Abyss:2)
  62 deep trolls
  10 shadow wraiths
  A golden dragon zombie (Hell)
  7 sea snakes
  21 sixfirhies
  2 spatial maelstroms (Abyss:2)
  5 pharaoh ants
  A salamander mystic (Depths:4)
  31 skeletal warriors
  2 spark wasp zombies
  2 anaconda zombies (Hell)
  A spectral anaconda (Tar:2)
  10 glowing orange brains
  A death drake (shapeshifter) (Vaults:5)
  8 arcanists
  5 flayed ghosts
  A cherub (Pan)
  2 naga ritualists (Depths:1)
  8 orb spiders
  5 bog bodies
  18 shadow demons (Pan)
  An iron giant skeleton (Crypt:1)
  A ghost moth zombie (Crypt:1)
  25 harpies
  9 deep elf archers
  A spectral iron dragon (Tar:1)
  2 bunyip skeletons (Crypt:3)
  6 lindwurms
  8 necromancers
  7 phantasmal warriors
  6 steelbarb worms
  2 thermic dynamos (Elf:2)
  A swamp dragon (Lair:5)
  An alligator zombie (Hell)
  14 sun moths
  A shadow dragon zombie (Hell)
  A tengu zombie (Hell)
  32 deep elf zephyrmancers
  24 ironbound convokers
  A tengu skeleton (Depths:2)
  A shadow dragon skeleton (Hell)
  29 wolf spiders
  A harpy (shapeshifter) (D:14)
  2 frost giant zombies (Hell)
  26 deep elf pyromancers
  3 fauns (Pan)
  5 wolf spider zombies (Spider:4)
  57 ugly things
  2 anaconda skeletons (Hell)
  21 cyclopes
  9 orc knights
  3 spectral wolf spiders (Spider:4)
  A fire giant zombie (Hell)
  38 large abominations
  2 stone giant zombies (Hell)
  4 shining eyes
  3 salamanders
  7 manticores
  2 orc sorcerers
  A worldbinder (Abyss:1)
  3 meliai (Spider:3)
  A black mamba (shapeshifter) (Vaults:5)
  14 black mambas
  A guardian serpent (shapeshifter) (Vaults:5)
  28 moths of wrath
  A spectral alligator snapping turtle (Tar:1)
  10 merfolk sirens
  4 water nymphs
  2 kobold blastminers (Orc:2)
  5 eyes of devastation (Pan)
  A guardian serpent (Lair:5)
  5 elephants
  6 molten gargoyles (Geh:7)
  16 vault sentinels
  A frost giant skeleton (Depths:2)
  3 ice statues
  2 apocalypse crabs (Abyss:3)
  11 rust devils
  21 orange demons
  33 smoke demons
  An eye of devastation (shapeshifter) (Vaults:5)
  A cane toad (shapeshifter) (D:13)
  A centaur skeleton (Crypt:3)
  7 gargoyles
  21 hellions
  5 torpor snails
  Maggie (D:9)
  7 rime drakes
  19 cane toads
  3 unseen horrors
  An alligator snapping turtle skeleton (Crypt:3)
  2 sea snake zombies (Hell)
  42 yaktaurs
  15 komodo dragons
  5 ancient zymes
  9 freezing wraiths
  2 tengu conjurers
  2 anaconda simulacra (IceCv)
  15 efreet
  6 ice devils
  A spectral harpy (Tar:3)
  18 tormentors
  2 guardian mummies (Crypt:3)
  7 trolls
  27 merfolk
  A silent spectre (Tar:5)
  13 hellwings (Pan)
  A red devil (Hell)
  14 wind drakes
  A tarantella (shapeshifter) (Vaults:5)
  Grinder (D:5)
  11 polar bears
  26 tarantellas
  9 hornets
  11 glass eyes
  27 blink frogs
  15 raiju
  4 wolf spider simulacra
  10 dream sheep
  38 slime creatures
  2 ettin zombies (Hell)
  6 snapping turtles
  An air elemental (Elf:2)
  8 centaur simulacra
  27 jumping spiders
  26 culicivoras
  22 shadows
  16 water elementals
  40 ynoxinuls
  16 wyverns
  An ettin skeleton (Crypt:3)
  A culicivora (shapeshifter) (D:15)
  49 yaks
  8 basilisks
  5 fire bats
  9 wraiths
  A fire bat (shapeshifter) (D:14)
  9 small abominations
  5 golden eyes
  21 neqoxecs
  2 wargs
  Grum (Lair:1)
  26 chaos spawn
  5 steam dragons
  3 hogs (Shoals:1)
  56 redbacks
  10 vampire mosquitoes
  5 fire elementals
  A redback simulacrum (D:13)
  4 acid dragons
  A death yak simulacrum (IceCv)
  A fire bat zombie (Crypt:2)
  4 harpy simulacra
  A two-headed ogre skeleton (Crypt:2)
  A swamp worm (shapeshifter) (Depths:3)
  2 hell hounds (D:15)
  24 water moccasins
  A glowing shapeshifter skeleton (Crypt:2)
  2 hydra simulacra
  27 laughing skulls
  31 orc warriors
  2 swamp drakes (Lair:5)
  2 sky beasts
  12 black bears
  17 wolves
  An ice beast (Abyss:2)
  A tengu (shapeshifter) (Elf:2)
  21 centaurs
  23 ogres
  A boggart (D:14)
  A snapping turtle skeleton (Crypt:2)
  2 phantoms (D:6)
  A weeping skull (Abyss:3)
  3 kobold brigands
  24 bullfrogs
  A gnoll sergeant (D:7)
  5 earth elementals
  3 two-headed ogre simulacra (IceCv)
  3 cane toad simulacra (IceCv)
  A scorpion (D:5)
  11 wights
  A salamander skeleton (Crypt:1)
  A wyvern skeleton (Crypt:1)
  A cyclops skeleton (Crypt:1)
  7 killer bees
  5 elephant simulacra (IceCv)
  An electric eel (Lair:1)
  A howler monkey (D:6)
  A wolf zombie (Crypt:1)
  2 quasits
  3 hounds
  3 jellies
  A wolf skeleton (Crypt:2)
  3 bombardier beetles
  A bullfrog skeleton (Crypt:1)
  12 orc priests
  9 iguanas
  26 starcursed masses
  An iron imp (Abyss:1)
  A gnoll bouda (D:5)
  A sleepcap (D:5)
  20 orc wizards
  3 polar bear simulacra (IceCv)
  A boggart zombie (Crypt:2)
  3 spriggan simulacra (IceCv)
  4 troll simulacra (IceCv)
  An ogre zombie (Crypt:2)
  A wolf simulacrum (IceCv)
  13 mummies
  Robin (D:3)
  24 gnolls
  9 adders
  3 naga simulacra (IceCv)
  A shadow imp (D:6)
  11 white imps
  14 ufetubi
  An adder skeleton (D:2)
  An adder zombie (D:2)
  5 ribbon worms
  2 dart slugs
  82 orcs
  6 endoplasms
  2 giant cockroaches
  10 hobgoblins
  8 jackals (D:3)
  21 kobolds
  2 quokkas
  8 ball pythons
  A ball python skeleton (D:2)
  3 bats
  A dart slug zombie (Crypt:1)
  6 frilled lizards
  A giant cockroach zombie (Crypt:1)
  15 goblins
  A kobold skeleton (Crypt:2)
  An orc zombie (Crypt:2)
  A quokka skeleton (Crypt:1)
  3 rats
  3 aspiring fleshes
  2 ball lightnings (Pan)
  2 creeping infernos
  3 fire vortices
  3 starspawn tentacles
3629 creatures vanquished.

Vanquished Creatures (collateral kills)
  Cerebov (Pan)
  A profane servitor (Tar:7)
  A Tzitzimitl (Tar:7)
  5 bone dragons (Tar:7)
  A titan (Vaults:5)
  A tengu reaver (Depths:3)
  A storm dragon (Pan)
  A vault warden (Vaults:5)
  An emperor scorpion (Spider:4)
  An ironbound preserver (Vaults:5)
  A quicksilver ooze (Slime:5)
  A stone giant (Crypt:3)
  A purple draconian (Zot:1)
  A red draconian (Zot:1)
  6 putrid mouths (Tar:7)
  A war gargoyle (Vaults:5)
  An iron golem (Dis:5)
  4 green deaths (Pan)
  A white draconian (Zot:1)
  A yaktaur captain (Vaults:5)
  An ettin (Vaults:5)
  A rakshasa (Pan)
  A spriggan air mage (Pan)
  2 shadow wraiths (Tar:7)
  Lodul (D:11)
  A glowing orange brain (Pan)
  3 deep trolls (Vaults:5)
  2 wolf spiders (Spider:4)
  A moth of wrath (Spider:4)
  A water nymph (shapeshifter) (Vaults:5)
  3 large abominations (Abyss:3)
  A tormentor (Dis:7)
  A hornet (D:8)
  A vampire mosquito (D:13)
  4 orc warriors
  4 ogres (D:11)
  A gnoll (D:8)
  An orc (Orc:2)
  A kobold (D:8)
63 creatures vanquished.

Vanquished Creatures (others)
  2 hellephants (Pan)
  2 fire giants
  An ettin (Vaults:5)
  A green death (Pan)
  A rakshasa (D:15)
  A vault guard (Vaults:5)
  A catoblepas (Shoals:2)
  A storm dragon zombie (Hell)
  A deep troll (Vaults:4)
  An arcanist (Vaults:4)
  A necromancer (Hell)
  2 deep elf zephyrmancers (Elf:2)
  A deep elf pyromancer (Elf:1)
  A molten gargoyle (Geh:7)
  A rust devil (Pan)
  13 hellions (Pan)
  A tormentor (Pan)
  An air elemental (Elf:2)
  A ynoxinul (Pan)
  A water elemental (Elf:2)
  A fire bat (Pan)
  An iguana (Lair:5)
  An orc wizard (Orc:2)
  7 ball lightnings (Pan)
  3 creeping infernos
  A fire vortex (Geh:4)
  9 starspawn tentacles
58 creatures vanquished.

Grand Total: 3750 creatures vanquished

Notes
Turn   | Place    | Note
-------+----------+-------------------------------------------
     0 | D:1      | jasper the Mountain Dwarf Berserker began the quest for the
                  | Orb.
     0 | D:1      | Reached XP level 1. HP: 19/19 MP: 1/1
   316 | D:1      | Reached XP level 2. HP: 25/26 MP: 2/2
   717 | D:1      | Reached skill level 5 in Axes
   824 | D:2      | Reached XP level 3. HP: 23/31 MP: 3/3
  1264 | D:2      | Reached XP level 4. HP: 26/38 MP: 4/4
  1401 | D:2      | Reached ** piety under Trog
  1974 | D:3      | Found a bloodstained altar of Trog.
  2246 | D:3      | Reached XP level 5. HP: 45/45 MP: 5/5
  2675 | D:3      | Found a glowing silver altar of Zin.
  2706 | D:3      | Noticed Robin
  2726 | D:3      | Killed Robin
  2727 | D:3      | Reached XP level 6. HP: 51/51 MP: 6/6
  2788 | D:3      | Found a broken altar of Ashenzari.
  3757 | D:4      | Reached *** piety under Trog
  3801 | D:4      | You fall into a shaft and drop 2 floors!
  3805 | D:5      | Entered Level 5 of the Dungeon
  3902 | D:5      | Noticed a water moccasin
  3917 | D:5      | Killed a water moccasin
  3918 | D:5      | Reached XP level 7. HP: 57/57 MP: 7/7
  4004 | D:5      | Reached skill level 10 in Axes
  4616 | D:4      | Noticed a two-headed ogre
  4893 | D:4      | Reached XP level 8. HP: 63/63 MP: 8/8
  5202 | D:5      | Noticed Grinder
  5213 | D:5      | Killed Grinder
  5259 | D:5      | Found a snail-covered altar of Cheibriados.
  5325 | D:5      | Found a basalt altar of Yredelemnul.
  5567 | D:5      | Identified the +2 hat of the Iron City of Dis {Fly Slay+2
                  | SInv}
  6189 | D:6      | Identified a scroll of acquirement
  6189 | D:6      | Acquired 413 gold pieces
  6286 | D:6      | Reached XP level 9. HP: 64/72 MP: 9/9
  6376 | D:6      | Found Suezos's Assorted Antiques.
  6384 | D:6      | Bought a scroll of identify for 52 gold pieces
  6384 | D:6      | Bought a fuming sapphire potion for 23 gold pieces
  6384 | D:6      | Bought a knobbly ruby ring for 130 gold pieces
  6402 | D:6      | Found an opulent altar of Gozag.
  6509 | D:6      | Found a staircase to the Ecumenical Temple.
  6673 | D:7      | Found a radiant altar of Vehumet.
  6682 | D:7      | Reached skill level 5 in Fighting
  7349 | D:7      | Found Aviqij Pika's Assorted Antiques.
  7371 | D:7      | Bought an embroidered scarf for 264 gold pieces
  7371 | D:7      | Bought a scroll of identify for 66 gold pieces
  7371 | D:7      | Bought a copper wand for 132 gold pieces
  7415 | D:7      | Found a blossoming altar of Fedhas.
  7801 | D:7      | Reached skill level 5 in Armour
  8079 | D:8      | Reached **** piety under Trog
  8389 | D:8      | Found a hide-covered altar of Uskayaw.
  8395 | D:8      | Identified the +9 war axe of Dishonesty {antimagic, rPois
                  | rF- Int+5 Stlth+}
  8473 | D:8      | Found a hazy altar of Hepliaklqana.
  8632 | D:8      | Noticed an elephant
  8656 | D:8      | Killed an elephant
  8702 | D:8      | Reached XP level 10. HP: 71/83 MP: 10/10
  8707 | D:8      | Reached skill level 15 in Axes
  8949 | D:8      | Found a staircase to the Lair.
  9383 | D:8      | Found an ancient bone altar of Kikubaaqudgha.
  9638 | D:9      | Found a shadowy altar of Dithmenos.
  9759 | D:9      | Found Wyder's Whimsical Warehouse.
 10075 | D:9      | Noticed a two-headed ogre
 10081 | D:9      | Killed a two-headed ogre
 10152 | D:9      | Found an iron altar of Okawaru.
 10271 | D:9      | Noticed Maggie
 10280 | D:9      | Killed Maggie
 10540 | D:10     | Entered Level 10 of the Dungeon
 10803 | D:10     | Reached XP level 11. HP: 56/95 MP: 11/11
 10984 | D:10     | Noticed a two-headed ogre
 11002 | D:10     | Killed a two-headed ogre
 11424 | D:10     | Identified the amulet "Anaa" {Reflect rElec rCorr Str-3
                  | SH+5 SInv}
 12150 | D:11     | Noticed Lodul
 12166 | D:11     | Killed Lodul
 12188 | D:11     | Noticed a tengu warrior
 12188 | D:11     | Noticed a tengu warrior
 12266 | Lair:1   | Entered Level 1 of the Lair of Beasts
 12474 | Lair:1   | Found a runed translucent door.
 12475 | Lair:1   | Found a shimmering altar of Xom.
 12475 | Lair:1   | Noticed Rickenoc's ghost (journeyman GnSu)
 12475 | Lair:1   | Noticed a +0 dire flail of chaos
 12784 | Lair:1   | Noticed Grum
 12796 | Lair:1   | Killed Grum
 13028 | Lair:1   | Reached skill level 10 in Fighting
 13028 | Lair:1   | Reached XP level 12. HP: 79/106 MP: 12/12
 14560 | Lair:2   | Reached skill level 10 in Armour
 14637 | Lair:2   | Noticed Nergalle
 14645 | Lair:2   | Killed Nergalle
 15402 | Lair:2   | Noticed a boulder beetle
 15403 | Lair:2   | Noticed an eight-headed hydra
 15419 | Lair:2   | Killed a two-headed hydra
 15434 | Lair:2   | Killed a boulder beetle
 15587 | Lair:2   | Found a staircase to the Shoals.
 15823 | Lair:2   | Found a hole to the Spider Nest.
 15894 | Lair:2   | Noticed a five-headed hydra
 15901 | Lair:2   | Killed a one-headed hydra
 16392 | Lair:3   | Reached XP level 13. HP: 88/116 MP: 13/13
 16539 | Lair:3   | Reached skill level 1 in Evocations
 16768 | Lair:3   | Found a runed translucent door.
 16769 | Lair:3   | Noticed Fetsenlu's ghost (journeyman CoHu)
 17402 | Lair:3   | Killed Fetsenlu's ghost
 17456 | Lair:4   | Reached skill level 5 in Evocations
 17723 | Lair:4   | Reached ***** piety under Trog
 17730 | Lair:4   | Noticed Nessos
 18125 | Lair:4   | Nessos changed into Nessos the dream sheep
 18125 | Lair:4   | Noticed Nessos
 18127 | Lair:4   | Killed Nessos the dream sheep
 18610 | Lair:4   | Received a gift from Trog
 18640 | Lair:4   | Found an ancient bone altar of Kikubaaqudgha.
 19381 | Lair:5   | Entered Level 5 of the Lair of Beasts
 19646 | Lair:5   | Found a staircase to the Slime Pits.
 19676 | Lair:5   | Found the +27 heavy crossbow "Sniper" {heavy, Acc+∞ SInv}
 19737 | Lair:5   | Found a frozen archway.
 19787 | IceCv    | Entered an ice cave
 20396 | IceCv    | Reached XP level 14. HP: 130/130 MP: 14/14
 20549 | IceCv    | Received a gift from Trog
 20731 | IceCv    | Found the amulet of the Air {Inacc Air Fly rElec RMsl}
 21590 | Lair:5   | Reached skill level 5 in Dodging
 21859 | Lair:5   | Reached skill level 15 in Fighting
 22592 | D:12     | Found a staircase to the Orcish Mines.
 22733 | D:12     | Found Izxukloj's Assorted Antiques.
 22741 | D:12     | Bought a pair of shimmering gloves for 237 gold pieces
 22741 | D:12     | Identified the -1 pair of gloves of Day {rPois} (You bought
                  | it in a shop on level 12 of the Dungeon)
 22741 | D:12     | Bought a scroll of teleportation for 75 gold pieces
 22741 | D:12     | Bought a scroll of fear for 100 gold pieces
 22741 | D:12     | Bought a potion of heal wounds for 125 gold pieces
 22741 | D:12     | Bought a glowing onyx ring for 125 gold pieces
 22883 | D:12     | Identified the +2 hand axe "Ytalutsu" {spect, Dex+2}
 22977 | Orc:1    | Entered Level 1 of the Orcish Mines
 22977 | Orc:1    | Found Mabefig's Assorted Antiques.
 22997 | Orc:1    | Identified the +3 battleaxe "Daifas" {flame, rF++ rCorr
                  | Str+3} (Trog gifted it to you on level 1 of the Orcish
                  | Mines)
 22997 | Orc:1    | Received a gift from Trog
 23034 | Orc:1    | Bought a scroll of blinking for 180 gold pieces
 23034 | Orc:1    | Bought a potion of curing for 72 gold pieces
 23034 | Orc:1    | Bought a potion of heal wounds for 120 gold pieces
 23034 | Orc:1    | Bought a potion of lignification for 72 gold pieces
 23465 | Orc:1    | Noticed an orc warlord
 23475 | Orc:1    | Killed an orc warlord
 23647 | Orc:2    | Entered Level 2 of the Orcish Mines
 24140 | Orc:2    | Reached XP level 15. HP: 112/144 MP: 15/15
 24148 | Orc:2    | Reached ****** piety under Trog
 24400 | Orc:2    | Found Leeqagu's Weapon Emporium.
 24400 | Orc:2    | Found Firem's Antique Weapon Shop.
 24400 | Orc:2    | Found Beag's Magic Scroll Boutique.
 24403 | Orc:2    | Found Kuoce's Weapon Shoppe.
 24410 | Orc:2    | Bought a scroll of teleportation for 39 gold pieces
 24410 | Orc:2    | Bought 3 scrolls of fog for 156 gold pieces
 24410 | Orc:2    | Bought 3 scrolls of revelation for 292 gold pieces
 24410 | Orc:2    | Bought a scroll of fog for 52 gold pieces
 24459 | Orc:2    | Found a staircase to the Elven Halls.
 24580 | Orc:2    | Identified the +8 battleaxe "Sarcophage" {flame, rPois}
                  | (Trog gifted it to you on level 2 of the Orcish Mines)
 24580 | Orc:2    | Received a gift from Trog
 24618 | Orc:2    | Found Hauw's Vocational Training.
 24882 | D:13     | Found Ehineu's Jewellery Boutique.
 24956 | D:13     | Found a gate leading to a gauntlet.
 24962 | Gauntlet | Entered a Gauntlet
 24962 | Gauntlet | Found a transporter.
 25151 | Gauntlet | Found a transporter.
 25166 | Gauntlet | Found a transporter.
 25171 | Gauntlet | Found a transporter.
 25193 | Gauntlet | Found a transporter.
 25207 | Gauntlet | Found a transporter.
 25219 | Gauntlet | Found a transporter.
 25231 | Gauntlet | Found a transporter.
 25243 | Gauntlet | Found a transporter.
 25258 | Gauntlet | Found a transporter.
 25272 | Gauntlet | Found a transporter.
 25290 | Gauntlet | Found a transporter.
 25292 | Gauntlet | Found a transporter.
 25319 | Gauntlet | Found a transporter.
 25337 | Gauntlet | Found a transporter.
 25339 | Gauntlet | Found a transporter.
 25419 | Gauntlet | Found a transporter.
 25516 | Gauntlet | Found a transporter.
 25558 | Gauntlet | Identified the ring of the Hart {Wiz +Blink Int+4}
 25689 | Gauntlet | Identified the ring "Yzyetrou" {Ice Dex+3}
 25856 | Gauntlet | Identified the +14 pearl dragon scales "Tourr" {+Blink rN+}
 26082 | D:13     | Noticed Kudolal's ghost (journeyman MiMo)
 26718 | D:13     | Received a gift from Trog
 26879 | D:13     | Found a runed translucent gate.
 26879 | D:13     | Found a runed translucent gate.
 26879 | D:13     | Found a runed translucent gate.
 26920 | D:13     | Killed Kudolal's ghost
 27006 | D:13     | Got the ring "Vysmouq" {Fire +Blink rElec Dex+2 SInv}
 27393 | D:14     | Noticed Roxanne
 27541 | D:14     | Found a gate to the Vaults.
 27645 | D:14     | Identified the +3 great mace of Ysowneah {freeze, Will+
                  | rCorr Stlth+}
 27918 | D:14     | Found Laposees's Jewellery Shop.
 28041 | D:14     | Noticed Agnes
 28051 | D:14     | Killed Agnes
 28052 | D:14     | Reached skill level 15 in Armour
 28272 | D:15     | Entered Level 15 of the Dungeon
 28615 | D:15     | Reached XP level 16. HP: 157/157 MP: 16/16
 28707 | D:15     | Noticed Azrael
 28719 | D:15     | Killed Azrael
 28955 | D:15     | Found a portal to a secret trove of treasure.
 29200 | D:15     | Received a gift from Trog
 29238 | D:15     | Found a staircase to the Depths.
 29832 | Spider:1 | Entered Level 1 of the Spider Nest
 30611 | Spider:1 | Received a gift from Trog
 31996 | Spider:2 | Noticed Mlioglotl
 32011 | Spider:2 | Killed Mlioglotl
 32424 | Spider:2 | Reached XP level 17. HP: 154/170 MP: 17/17
 34194 | Spider:3 | Identified the +6 great mace of Peashin {heavy, *Corrode
                  | rPois MP+9 Dex-4}
 34557 | Spider:4 | Entered Level 4 of the Spider Nest
 35128 | D:15     | You paid a toll of 14 scrolls of teleportation to enter a
                  | treasure trove
 35129 | Trove    | Entered a treasure trove
 35131 | Trove    | Found the amulet of the Four Winds {rN+ Will+++ Clar}
 35133 | Trove    | Found the dreamshard necklace {Acrobat *Dream}
 35136 | Trove    | Identified the ring of Fifa {rC- AC+4 Int+3 Dex+5}
 35142 | Trove    | Identified the ring of Azaith {rPois rC+}
 35144 | Trove    | Identified the amulet "Liwolim" {Reflect Harm Str+3 SH+5}
 35151 | Trove    | Identified the ring of Sovereignty {*Slow rF++ rN+ Dex+6}
 35571 | Spider:4 | Reached skill level 10 in Dodging
 35683 | Spider:4 | Received a gift from Trog
 35956 | Spider:4 | Found the sphere of Battle
 36314 | Spider:4 | Got a gossamer rune of Zot
 36429 | Spider:4 | Found the +10 Black Knight's barding {ponderous, rPois rN+}
 36443 | Spider:4 | Paralysed by a jorogumo for 1 turns
 36782 | Spider:4 | Received a gift from Trog
 37262 | Shoals:1 | Entered Level 1 of the Shoals
 37380 | Shoals:1 | Noticed Kirke
 37393 | Shoals:1 | Killed Kirke
 38566 | Shoals:2 | Found a transporter.
 38567 | Shoals:2 | Identified the amulet of Xom's Capriciousness {Regen+
                  | Int+4}
 38615 | Shoals:2 | Found Pujir's Jewellery Boutique.
 38615 | Shoals:2 | Noticed Ilsuiw
 38620 | Shoals:2 | Noticed Polyphemus
 38624 | Shoals:2 | Killed Ilsuiw
 38627 | Shoals:2 | Reached XP level 18. HP: 121/178 MP: 18/18
 38641 | Shoals:2 | Killed Polyphemus
 39038 | Shoals:2 | Found a transporter.
 39187 | Shoals:2 | Identified the +2 pair of gloves of the Trombone {rN+ Int+5
                  | Dex-2}
 39393 | Shoals:3 | Noticed Jorgrun
 39412 | Shoals:2 | Killed Jorgrun
 40085 | Shoals:3 | Found Jaysepside's Weapon Boutique.
 40979 | Shoals:4 | Entered Level 4 of the Shoals
 40979 | Shoals:4 | Identified the serpent talisman of Ghostly Salvation {SInv}
 40979 | Shoals:4 | Noticed Aizul
 40994 | Shoals:4 | Killed Aizul
 41580 | Shoals:4 | Reached skill level 10 in Evocations
 42813 | Shoals:4 | Found Carucut's Book Emporium.
 43350 | Shoals:4 | Found the +7 sceptre of Torment {pain, torment}
 43745 | Shoals:4 | Received a gift from Trog
 43790 | Shoals:4 | Got a barnacled rune of Zot
 44229 | Elf:1    | Entered Level 1 of the Elven Halls
 44249 | Elf:1    | Found a radiant altar of Vehumet.
 44748 | Elf:1    | Found a runed translucent gate.
 44748 | Elf:1    | Found a runed translucent gate.
 44750 | Elf:1    | Found a runed translucent gate.
 45074 | Elf:1    | Received a gift from Trog
 45477 | Elf:1    | Reached XP level 19. HP: 172/185 MP: 19/19
 45821 | Elf:2    | Found Kabeeg's Magic Scroll Shoppe.
 45836 | Elf:2    | Bought a scroll of blinking for 127 gold pieces
 45836 | Elf:2    | Bought a scroll of fog for 68 gold pieces
 45836 | Elf:2    | Bought a scroll of butterflies for 68 gold pieces
 46159 | Elf:2    | Received a gift from Trog
 46219 | Elf:2    | Noticed a Brimstone Fiend
 46282 | Elf:2    | Found a runed translucent gate.
 46282 | Elf:2    | Found a runed translucent gate.
 46282 | Elf:2    | Found a runed translucent gate.
 46282 | Elf:2    | Found a runed translucent gate.
 46282 | Elf:2    | Found a runed translucent gate.
 46284 | Elf:2    | Noticed a Tzitzimitl
 46286 | Elf:2    | Found a runed translucent gate.
 46503 | Elf:2    | Found a runed translucent gate.
 46503 | Elf:2    | Found a runed translucent gate.
 46514 | Elf:2    | Found a runed translucent gate.
 46909 | Elf:2    | Identified the +7 battleaxe "Rigar" {flame, rPois Dex+3
                  | Stlth+} (Trog gifted it to you on level 2 of the Elven
                  | Halls)
 46909 | Elf:2    | Received a gift from Trog
 47654 | Elf:3    | Entered Level 3 of the Elven Halls
 47708 | Elf:3    | Noticed a Tzitzimitl
 47901 | Elf:3    | Found Agiasey's Jewellery Shop.
 48551 | Elf:3    | Received a gift from Trog
 48756 | Elf:3    | Identified the +4 rapier of Ycuutoss {elec, +Blink}
 48775 | Elf:3    | Identified the amulet of False Pretenses {rElec rC+++
                  | Regen+ Str-2 Int-5}
 48805 | Elf:3    | Reached XP level 20. HP: 200/200 MP: 20/20
 48844 | Elf:3    | Identified the +8 plate armour "Osmesit" {rC- Regen+ Dex+5}
 48952 | Elf:3    | Noticed Zenata
 48962 | Elf:3    | Killed Zenata
 49033 | Elf:3    | Found the +7 great mace "Undeadhunter" {deathbane, rN+}
 49051 | Elf:3    | Identified the +2 pair of boots of Xeovabyo {Fly MP+9}
 49346 | Vaults:1 | Entered Level 1 of the Vaults
 49505 | Vaults:1 | You are sucked into a shaft and drop 1 floor!
 49828 | Vaults:1 | Received a gift from Trog
 50141 | Vaults:1 | Identified the +7 great mace "Bejuiwygg" {flame, Str+3}
 51506 | Vaults:2 | Identified the +3 falchion of the Orcish Mines {flame, rF+}
                  | (Trog gifted it to you on level 2 of the Vaults)
 51506 | Vaults:2 | Received a gift from Trog
 52434 | Vaults:3 | Received a gift from Trog
 52468 | Vaults:3 | Reached XP level 21. HP: 217/217 MP: 21/21
 52733 | Vaults:3 | Found a staircase to the Crypt.
 52916 | Vaults:3 | Found Vaxzowna's Assorted Antiques.
 53364 | Vaults:3 | Identified the +5 shortbow "Getuxy" {heavy, rC+ Str+3
                  | Int+3}
 53367 | Vaults:3 | Received a gift from Trog
 54755 | Vaults:4 | Reached skill level 27 in Fighting
 54978 | Vaults:4 | Received a gift from Trog
 55202 | Vaults:4 | Identified the +1 trident "Xudoj" {freeze, rF+ Will- Dex+4}
 55533 | Vaults:5 | Entered Level 5 of the Vaults
 55579 | Vaults:5 | Found Seanol's Antique Armour Boutique.
 55594 | Vaults:5 | Bought a pair of glowing gloves for 285 gold pieces
 55844 | Vaults:5 | Received a gift from Trog
 55844 | Vaults:5 | Found the +8 mithril axe "Arga" {speed, Will+}
 55877 | Vaults:5 | Identified the +5 ring mail "Qorakuma" {rN+++ Int-2}
 55880 | Vaults:5 | Reached XP level 22. HP: 97/233 MP: 22/22
 56287 | Vaults:5 | Noticed a golden dragon
 56432 | Vaults:5 | Killed a golden dragon
 56440 | Vaults:4 | Received a gift from Trog
 57515 | Vaults:5 | Received a gift from Trog
 57613 | Vaults:5 | Got a silver rune of Zot
 57615 | Vaults:5 | Identified the +0 pair of boots of Moqumeh {Will- rCorr
                  | Dex+5}
 57641 | Vaults:5 | Identified the +3 orcbow of Putrescence {flame, Will+
                  | rCorr}
 57733 | Vaults:5 | Found the +13 sword of the Doom Knight {doom -Cast ^Drain
                  | Will+}
 58459 | Depths:1 | Entered Level 1 of the Depths
 59073 | Depths:1 | You are sucked into a shaft and drop 1 floor!
 59386 | Depths:2 | Received a gift from Trog
 59561 | Depths:2 | Reached XP level 23. HP: 147/240 MP: 23/23
 59849 | Depths:2 | Found a gateway to Hell.
 60322 | Depths:1 | Found Cocvoixt's Serpentskin Sales.
 60798 | Depths:2 | Gained mutation: You are frail. (-10% HP) [a cacodemon]
 60806 | Depths:2 | Found a one-way gate leading to the halls of Pandemonium.
 61366 | Depths:2 | Received a gift from Trog
 61640 | Depths:2 | Found a one-way gateway to a ziggurat.
 61734 | Depths:2 | Identified the +10 spear of the Extremes {antimagic, rF++}
 62148 | Depths:2 | Identified the +10 dagger "Hydrabane" {flame, Dex+4}
 62916 | Depths:3 | Reached skill level 27 in Armour
 63434 | Depths:3 | Noticed a juggernaut
 63436 | Depths:3 | Noticed a caustic shrike
 63443 | Depths:3 | Killed a juggernaut
 63443 | Depths:3 | Received a gift from Trog
 63445 | Depths:3 | HP: 10/216 [caustic shrike (9)]
 63445 | Depths:3 | HP: 3/216 [acid (7)]
 63665 | Depths:3 | Found a one-way gate to the infinite horrors of the Abyss.
 64130 | Depths:3 | Killed a caustic shrike
 64205 | Depths:3 | Identified the ring "Ybriq" {rElec Int+6}
 64595 | Depths:4 | Entered Level 4 of the Depths
 64828 | Depths:4 | Noticed a juggernaut
 65048 | Depths:3 | Killed a juggernaut
 65114 | Depths:4 | Reached XP level 24. HP: 159/224 MP: 23/23
 65370 | Depths:4 | Reached skill level 15 in Evocations
 65868 | Depths:4 | Found an ornate altar of the Wu Jian Council.
 65939 | Depths:4 | Found a gate to the Realm of Zot.
 66078 | Depths:4 | Noticed a juggernaut
 66097 | Depths:4 | Killed a juggernaut
 66726 | Zot:1    | Entered Level 1 of the Realm of Zot
 66997 | Zot:1    | Received a gift from Trog
 68088 | Zot:3    | Lost mutation: You are frail. (-10% HP) [potion of
                  | mutation]
 68088 | Zot:3    | Gained mutation: You have sharp toenails. [potion of
                  | mutation]
 68088 | Zot:3    | Gained mutation: You passively dampen the noise of your
                  | surroundings. [potion of mutation]
 68088 | Zot:3    | Gained mutation: You passively map a small area around you.
                  | [potion of mutation]
 68398 | Zot:2    | Noticed a Killer Klown
 68409 | Zot:2    | Killed a Killer Klown
 70034 | Zot:2    | Received a gift from Trog
 70698 | Zot:3    | Reached XP level 25. HP: 240/257 MP: 23/23
 71724 | Zot:4    | Found the brooch of Shielding {Spirit SH+8}
 71803 | Zot:4    | Reached skill level 15 in Dodging
 72178 | Zot:5    | Entered Level 5 of the Realm of Zot
 72179 | Zot:5    | Noticed a dread lich
 73102 | Zot:5    | Identified the +5 battleaxe "Fuaxihat" {heavy, Will+} (Trog
                  | gifted it to you on level 5 of the Realm of Zot)
 73102 | Zot:5    | Received a gift from Trog
 73804 | Slime:1  | Entered Level 1 of the Pits of Slime
 74026 | Slime:3  | Gained mutation: You do not regenerate when monsters are
                  | visible. [a shining eye]
 74030 | Slime:3  | Gained mutation: You are vulnerable to heat. (rF-) [a
                  | shining eye]
 74032 | Slime:3  | Lost mutation: You are vulnerable to heat. (rF-) [potion of
                  | mutation]
 74032 | Slime:3  | Lost mutation: You passively map a small area around you.
                  | [potion of mutation]
 74032 | Slime:3  | Lost mutation: You passively dampen the noise of your
                  | surroundings. [potion of mutation]
 74032 | Slime:3  | Lost mutation: You do not regenerate when monsters are
                  | visible. [potion of mutation]
 74038 | Slime:4  | Gained mutation: You are clumsy. (Dex -2) [a shining eye]
 74039 | Slime:4  | Gained mutation: You have hidden genetic defects. [a
                  | shining eye]
 74041 | Slime:4  | Gained mutation: Your magical capacity is low. (-10% MP) [a
                  | shining eye]
 74042 | Slime:4  | Gained mutation: You do not regenerate when monsters are
                  | visible. [a shining eye]
 74048 | Slime:4  | Lost mutation: You have hidden genetic defects. [potion of
                  | mutation]
 74048 | Slime:4  | Lost mutation: You have sharp toenails. [potion of
                  | mutation]
 74048 | Slime:4  | Gained mutation: You are weak. (Str -2) [potion of
                  | mutation]
 74048 | Slime:4  | Gained mutation: You passively dampen the noise of your
                  | surroundings. [potion of mutation]
 74049 | Slime:4  | Lost mutation: You do not regenerate when monsters are
                  | visible. [potion of mutation]
 74049 | Slime:4  | Lost mutation: You are weak. (Str -2) [potion of mutation]
 74049 | Slime:4  | Gained mutation: You are partially covered in iridescent
                  | scales. (AC +2) [potion of mutation]
 74049 | Slime:4  | Gained mutation: You have a pair of small antennae on your
                  | head. [potion of mutation]
 74063 | Slime:5  | Entered Level 5 of the Pits of Slime
 74359 | Slime:5  | Gained mutation: You occasionally shout uncontrollably at
                  | your foes. [a shining eye]
 74774 | Slime:5  | Noticed the Royal Jelly
 74797 | Slime:5  | Killed the Royal Jelly
 75531 | Slime:5  | Found the +10 dark maul {heavy}
 75572 | Slime:5  | Identified the +10 short sword "Iluecaasm" {protect, *Rage
                  | Int+4}
 75578 | Slime:5  | Got a slimy rune of Zot
 75609 | Slime:5  | Identified the +3 troll leather armour of the Filigreed
                  | Raven {Fly rPois Regen+ Int-5}
 75626 | Slime:5  | Identified the +7 scimitar of the Seven Scars {protect,
                  | rElec Dex+5}
 75631 | Slime:5  | Got the Vademecum on Phantasms
 75655 | Slime:5  | Got Sif Muna's Meditations on Incineration
 75925 | Temple   | Entered the Ecumenical Temple
 75950 | Temple   | Fell from the grace of Trog
 75950 | Temple   | Became a worshipper of the Shining One
 76324 | Crypt:1  | Entered Level 1 of the Crypt
 76329 | Crypt:1  | Reached skill level 1 in Invocations
 76574 | Crypt:1  | Reached * piety under the Shining One
 76669 | Crypt:1  | Reached ** piety under the Shining One
 76727 | Crypt:1  | Reached skill level 5 in Invocations
 77173 | Crypt:1  | Reached *** piety under the Shining One
 77540 | Crypt:2  | Noticed Khufu
 77540 | Crypt:2  | Noticed a royal mummy
 77551 | Crypt:1  | Killed Khufu
 77564 | Crypt:2  | Killed a royal mummy
 77839 | Crypt:2  | Reached **** piety under the Shining One
 77968 | Crypt:2  | Reached ***** piety under the Shining One
 77976 | Crypt:2  | Reached skill level 10 in Invocations
 78163 | Crypt:2  | Reached XP level 26. HP: 266/266 MP: 28/28
 78366 | Crypt:2  | Reached ****** piety under the Shining One
 78371 | Crypt:2  | Identified a +9 executioner's axe of holy wrath (a +9
                  | executioner's axe of flaming blessed by the Shining One)
 78371 | Crypt:2  | Received a gift from the Shining One
 78610 | Crypt:2  | Noticed Saint Roka
 78629 | Crypt:2  | Killed Saint Roka
 78936 | Crypt:2  | Paralysed by Trog for 6 turns
 79390 | Crypt:3  | Entered Level 3 of the Crypt
 80154 | Crypt:3  | Found a staircase to the Tomb.
 80312 | Crypt:3  | Found the +13 scythe of Curses {drain, curses, ^Drain}
 80493 | Crypt:3  | Reached skill level 15 in Invocations
 80658 | Crypt:3  | Identified the +1 leather armour of Gifid {rElec rCorr
                  | Int-3 Dex+6}
 80860 | Crypt:3  | Found an ancient bone altar of Kikubaaqudgha.
 80862 | Crypt:3  | Noticed an ancient lich
 80869 | Crypt:3  | Killed an ancient lich
 80922 | Crypt:3  | Noticed an ancient lich
 80928 | Crypt:3  | Killed an ancient lich
 81976 | Pan      | Entered Pandemonium
 82284 | Pan      | Noticed Faocialu the pandemonium lord
 82297 | Pan      | Killed Faocialu the pandemonium lord
 82934 | Pan      | Noticed Riyniw the pandemonium lord
 83825 | Pan      | Killed Riyniw the pandemonium lord
 83829 | Pan      | Got a demonic rune of Zot
 84140 | Pan      | Learned a level 4 spell: Vhi's Electric Charge
 84260 | Pan      | Noticed Ynesieb the pandemonium lord
 84274 | Pan      | Found an exit through the horrors of the Abyss.
 84599 | Pan      | Reached XP level 27. HP: 184/273 MP: 34/34
 85066 | Pan      | Reached skill level 1 in Translocations
 85080 | Pan      | Reached skill level 1 in Air Magic
 85352 | Depths:2 | Escaped Pandemonium
 85354 | Pan      | Entered Pandemonium
 85488 | Pan      | Noticed Ilatrego the pandemonium lord
 85499 | Pan      | Killed Ilatrego the pandemonium lord
 85544 | Pan      | Noticed Ocwy the pandemonium lord
 85544 | Pan      | Found a runed translucent door.
 85552 | Pan      | Entered the realm of Cerebov.
 86042 | Pan      | Identified the +11 great mace of Hatred {elec, *Rage Dex+4
                  | SInv Stlth+}
 86282 | Pan      | Identified the ring "Holiytec" {rN+++ Will+ Str+4 Int-2
                  | Dex-5}
 86412 | Pan      | Reached skill level 5 in Translocations
 86420 | Pan      | Identified the +2 scale mail "Ellearch" {rF+++ Str-4 Int+3
                  | SInv}
 86471 | Pan      | Reached skill level 5 in Air Magic
 86972 | Pan      | Found the +6 sword of Cerebov {flame}
 86972 | Pan      | Noticed Cerebov
 88131 | Pan      | Killed Cerebov
 88138 | Pan      | Got Nege's Volume of Shades and the Swarm
 88484 | Pan      | Identified the +1 hand axe of Toqusam {venom, Dex+4 Stlth+}
 88544 | Pan      | Identified the +3 rapier of the Sixty-Six Spirits {speed,
                  | rElec rF+ SInv}
 88581 | Pan      | Got a fiery rune of Zot
 88777 | Pan      | Entered the realm of Mnoleg.
 88926 | Pan      | Found an exit through the horrors of the Abyss.
 89107 | Pan      | Gained mutation: You sometimes lose your temper in combat.
                  | [a cacodemon]
 89112 | Pan      | Gained mutation: Your magical capacity is very low. (-20%
                  | MP) [a cacodemon]
 89115 | Pan      | Gained mutation: You are very clumsy. (Dex -4) [a
                  | cacodemon]
 89123 | Pan      | Lost mutation: Your magical capacity is very low. (-20% MP)
                  | [potion of mutation]
 89123 | Pan      | Lost mutation: You sometimes lose your temper in combat.
                  | [potion of mutation]
 89123 | Pan      | Lost mutation: Your magical capacity is low. (-10% MP)
                  | [potion of mutation]
 89123 | Pan      | Gained mutation: You occasionally lose the ability to drink
                  | potions when taking damage. [potion of mutation]
 89123 | Pan      | Gained mutation: Your flesh is cold resistant. (rC+)
                  | [potion of mutation]
 89124 | Pan      | Lost mutation: You are very clumsy. (Dex -4) [potion of
                  | mutation]
 89124 | Pan      | Lost mutation: You passively dampen the noise of your
                  | surroundings. [potion of mutation]
 89124 | Pan      | Lost mutation: You occasionally lose the ability to drink
                  | potions when taking damage. [potion of mutation]
 89124 | Pan      | Gained mutation: Your spells are a little harder to cast,
                  | but a little more powerful. [potion of mutation]
 89687 | Pan      | Gained mutation: You are dopey. (Int -2) [a cacodemon]
 89819 | Pan      | Gained mutation: You are frail. (-10% HP) [a cacodemon]
 89832 | Pan      | Gained mutation: Armour fits poorly on your strangely
                  | shaped body. [a neqoxec]
 89833 | Pan      | Gained mutation: Your magical capacity is low. (-10% MP) [a
                  | neqoxec]
 89835 | Pan      | Gained mutation: Your health recovers twice as slowly from
                  | being drained. [a neqoxec]
 89836 | Pan      | Gained mutation: Your body sometimes deteriorates upon
                  | taking damage. [a neqoxec]
 89911 | Pan      | Lost mutation: You occasionally shout uncontrollably at
                  | your foes. [potion of mutation]
 89911 | Pan      | Lost mutation: Armour fits poorly on your strangely shaped
                  | body. [potion of mutation]
 89911 | Pan      | Lost mutation: You are dopey. (Int -2) [potion of mutation]
 89911 | Pan      | Lost mutation: Your spells are a little harder to cast, but
                  | a little more powerful. [potion of mutation]
 89912 | Pan      | Lost mutation: Your body sometimes deteriorates upon taking
                  | damage. [potion of mutation]
 89912 | Pan      | Lost mutation: You are partially covered in iridescent
                  | scales. (AC +2) [potion of mutation]
 89912 | Pan      | Gained mutation: You sometimes lose your temper in combat.
                  | [potion of mutation]
 89912 | Pan      | Lost mutation: You are clumsy. (Dex -2) [potion of
                  | mutation]
 89913 | Pan      | Lost mutation: You have a pair of small antennae on your
                  | head. [potion of mutation]
 89913 | Pan      | Lost mutation: Your flesh is cold resistant. (rC+) [potion
                  | of mutation]
 89913 | Pan      | Gained mutation: Your muscles are strong. (Str +4, Int/Dex
                  | -1) [potion of mutation]
 89913 | Pan      | Gained mutation: You occasionally lose the ability to drink
                  | potions when taking damage. [potion of mutation]
 89914 | Pan      | Lost mutation: Your magical capacity is low. (-10% MP)
                  | [potion of mutation]
 89914 | Pan      | Lost mutation: You sometimes lose your temper in combat.
                  | [potion of mutation]
 89914 | Pan      | Gained mutation: Your magical capacity is low. (-10% MP)
                  | [potion of mutation]
 89914 | Pan      | Gained mutation: You are strong-willed. (Will+) [potion of
                  | mutation]
 89914 | Pan      | Lost mutation: Your muscles are strong. (Str +4, Int/Dex
                  | -1) [potion of mutation]
 89914 | Pan      | Gained mutation: You have sharp toenails. [potion of
                  | mutation]
 89915 | Pan      | Lost mutation: You occasionally lose the ability to drink
                  | potions when taking damage. [potion of mutation]
 89915 | Pan      | Lost mutation: You are strong-willed. (Will+) [potion of
                  | mutation]
 89915 | Pan      | Gained mutation: You are partially covered in iridescent
                  | scales. (AC +2) [potion of mutation]
 89915 | Pan      | Gained mutation: Your movements are slightly less
                  | encumbered by armour. (ER -2) [potion of mutation]
 89916 | Pan      | Lost mutation: You have sharp toenails. [potion of
                  | mutation]
 89916 | Pan      | Lost mutation: You are frail. (-10% HP) [potion of
                  | mutation]
 89916 | Pan      | Lost mutation: Your movements are slightly less encumbered
                  | by armour. (ER -2) [potion of mutation]
 89916 | Pan      | Gained mutation: Your natural rate of healing is unusually
                  | fast. [potion of mutation]
 89916 | Pan      | Gained mutation: You are somewhat resistant to further
                  | mutation. [potion of mutation]
 90256 | Pan      | Gained mutation: You are vulnerable to cold. (rC-) [a
                  | cacodemon]
 90458 | Pan      | Reached skill level 10 in Translocations
 90543 | Pan      | Noticed Mnoleg
 90559 | Pan      | Killed Mnoleg
 90636 | Pan      | Got a glowing rune of Zot
 90839 | Pan      | Entered the realm of Lom Lobon.
 90870 | Pan      | Reached skill level 10 in Air Magic
 90897 | Pan      | Found an exit through the horrors of the Abyss.
 91160 | Pan      | Was forgiven by Trog
 91476 | Pan      | Noticed Lom Lobon
 91518 | Pan      | Killed Lom Lobon
 91689 | Pan      | Got a magical rune of Zot
 91778 | Pan      | Entered the realm of Gloorx Vloq.
 91912 | Pan      | Noticed Gloorx Vloq
 91920 | Pan      | Killed Gloorx Vloq
 92720 | Pan      | Identified the +5 mace of the Growing Gods {antimagic, rF+
                  | Will+ rCorr}
 92943 | Pan      | Got a dark rune of Zot
 93277 | Pan      | Found an exit through the horrors of the Abyss.
 93314 | Pan      | Took an exit into the Abyss.
 93314 | Abyss:1  | Escaped into the Abyss
 94486 | Abyss:2  | Paralysed by accursed screaming for 2 turns
 94518 | Abyss:2  | Paralysed by accursed screaming for 2 turns
 94574 | Abyss:2  | Paralysed by accursed screaming for 1 turns
 94627 | Depths:2 | Escaped the Abyss
 94839 | Depths:3 | Voluntarily entered the Abyss.
 95119 | Abyss:3  | Found a shimmering altar of Xom.
 95127 | Abyss:3  | Got an abyssal rune of Zot
 95154 | Depths:3 | Escaped the Abyss
 95190 | Hell     | Entered the Vestibule of Hell
 95190 | Hell     | Noticed Geryon
 95209 | Hell     | Killed Geryon
 95223 | Hell     | Noticed a dread lich
 95233 | Hell     | Killed a dread lich
 95519 | Hell     | Found a gateway to the ashen valley of Gehenna.
 95610 | Hell     | Found a gateway to the freezing wastes of Cocytus.
 95758 | Hell     | Found a gateway to the Iron City of Dis.
 95861 | Hell     | Found a gateway to the decaying netherworld of Tartarus.
 95958 | Geh:1    | Entered Level 1 of Gehenna
 95970 | Geh:1    | Reached skill level 27 in Invocations
 96954 | Geh:7    | Entered Level 7 of Gehenna
 97552 | Geh:7    | Found the +13 sceptre of Asmodeus
 97552 | Geh:7    | Noticed Asmodeus
 97564 | Geh:7    | Killed Asmodeus
 97580 | Geh:7    | Got an obsidian rune of Zot
 97726 | Tar:1    | Entered Level 1 of Tartarus
 98453 | Tar:3    | Lost intelligence.
 99895 | Tar:7    | Entered Level 7 of Tartarus
101013 | Tar:7    | Noticed Ereshkigal
101058 | Tar:7    | Killed Ereshkigal
101191 | Tar:7    | Got a bone rune of Zot
101367 | Dis:1    | Entered Level 1 of the Iron City of Dis
102568 | Dis:6    | Noticed a juggernaut
102766 | Dis:5    | Noticed an ancient lich
102778 | Dis:5    | Killed an ancient lich
103135 | Dis:7    | Entered Level 7 of the Iron City of Dis
103298 | Dis:7    | Demolished by an iron giant

Illustrated notes

Levels and vault maps discovered:
D:1:      matt_arrival_diagonals, layout_basic, nrook_loot_triangle
D:2:      layout_basic, serial_undead, serial_undead_c, serial_undead_b,
          serial_undead_c, serial_undead_a, minmay_strange_pillars
D:3:      layout_loops_ring, bloody_trog, mainiacjoe_overflow_catch_the_wave,
          lightli_corner_chamber, uniq_robin
D:4:      layout_basic, hex_intersection, grunt_tough_drop
D:5:      layout_basic, slow_altar_1, mainiacjoe_overflow_cross_hatched,
          uniq_grinder
D:6:      layout_cave_pools, grunt_gozag_breadcrumbs, minmay_temple_entry_fiery,
          serial_shops, shop
D:7:      layout_cave_pools, mainiacjoe_overflow_24_doors,
          nicolae_vehumet_radiance, serial_shops, nicolae_shop_crystal,
          grunt_ministairs_10
D:8:      layout_gridville, mainiacjoe_overflow_brackets,
          eat_drink_and_be_merry_uskayaw, mainiacjoe_overflow_surrounded_room,
          david_lair_generic, minmay_bent
D:9:      cheibrodos_steamvent, layout_basic,
          mainiacjoe_overflow_concentric_impassable, okawaru_gym_becter,
          nicolae_alphabet_shops, uniq_maggie
D:10:     layout_cave_pods, nicolae_letterblocks [nicolae_letter_subblock,
          nicolae_letter_subblock, nicolae_letter_subblock,
          nicolae_letter_subblock, nicolae_letter_subblock,
          nicolae_letter_subblock, nicolae_letter_subblock,
          nicolae_letter_subblock, nicolae_letter_subblock,
          nicolae_letter_subblock, nicolae_letter_subblock,
          nicolae_letter_subblock, nicolae_letter_subblock,
          nicolae_letter_subblock, nicolae_letter_subblock,
          nicolae_letter_subblock, nicolae_letter_subblock,
          nicolae_letter_subblock, nicolae_letter_subblock,
          nicolae_letter_subblock, nicolae_letter_subblock,
          nicolae_letter_subblock, nicolae_letter_subblock,
          nicolae_letter_subblock, nicolae_letter_subblock]
D:11:     layout_small_grid, nicolae_fountain_basement, uniq_lodul
D:12:     layout_rooms, orc_0_dummy, serial_shops, shop
D:13:     cheibrodos_hippocracy, layout_loops_ring, gauntlet_entry_generic,
          serial_shops, nicolae_diamond_shop, gammafunk_ghost_icy, minivault_20,
          minmay_misc_feat_alley
D:14:     layout_irregular_city, lightli_vaults_fourway_checkpoint,
          chequers_serial_rivers_small_3, serial_shops, shop, uniq_roxanne,
          uniq_agnes
D:15:     gammafunk_enter_depths_forms, layout_irregular_city,
          nicolae_trove_entry_diagonal, serial_park_tiny_1, uniq_azrael
Temple:   hellmonk_temple_beads
Lair:1:   layout_layer_cave, ebering_ghost_xom, serial_bayou,
          serial_bayou_pond_d, serial_bayou_lagoon_b, serial_bayou_pond_d,
          serial_bayou_shore_a, st_stairs_13, beast_lair_carwin_11, uniq_grum
Lair:2:   layout_regular_city, elwin_shoals_entry_rocks,
          nicolae_spider_entry_tight_spaces, chequers_serial_rivers_micro_d,
          minmay_shattered_shrine, uniq_nergalle
Lair:3:   layout_regular_city, gammafunk_ghost_grave
Lair:4:   layout_cave_pods, basic_altar, uniq_nessos
Lair:5:   guppyfry_lair_end_dragon, layout_loops_ring,
          hangedman_lair_tendril_chambers, slime_entry_1,
          portal_ice_cave_demonic_guard
Shoals:1: layout_shoals, uniq_kirke
Shoals:2: gammafunk_sealed_arena, layout_shoals,
          minmay_shop_enchanted_jewellery, uniq_ilsuiw, uniq_polyphemus
Shoals:3: layout_shoals, serial_shops, shop, uniq_jorgrun
Shoals:4: shoals_end_simple, layout_shoals, serial_shops, shop, uniq_aizul
Spider:1: layout_spider_delve
Spider:2: layout_cave_pods, uniq_mlioglotl
Spider:3: layout_spider_delve
Spider:4: grunt_spider_rune_circles, drop_trap, nicolae_spider_undead_wolf_pack
Slime:1:  layout_caves
Slime:2:  layout_caves
Slime:3:  layout_caves
Slime:4:  layout_caves, basic_altar, cheibrodos_slime_lost_civilization_7
Slime:5:  slime_pit_nicolae_royal_road_to_ruin
Orc:1:    cheibrodos_orc_arena, layout_caves, serial_shops, shop
Orc:2:    st_orc_rangers, layout_caves, nicolae_shop_vocational
Elf:1:    eino_elf_arrival_altar, layout_loops_cross,
          hangedman_elven_crosses_minicolossus, hangedman_elf_targeted_burst,
          nicolae_elf_hall_of_bonks
Elf:2:    nicolae_elf_blades_splatter_lattice [nicolae_blade_entry_pointy_end],
          layout_loops_cross, orc_legates, minmay_shop_star
Elf:3:    minmay_elf_hall_dome, layout_geoelf_diagonals, serial_shops,
          nicolae_diamond_shop, nicolae_elf_free_trip_to_the_abyss, uniq_zenata
Vaults:1: vaults_room_grid, nicolae_vaults_little_squares_4,
          vaults_room_door_ring, nicolae_vaults_trapezoid_3,
          nicolae_vaults_offset_grid_hallway_1, vaults_room_semicircle,
          nicolae_vaults_house_3, nicolae_vaults_house_1, hangedman_vaults_trim,
          nicolae_vaults_door_testing_chamber, v_misc_17,
          ontoclasm_vaults_bender, nicolae_vaults_storage_closets_3,
          vaults_room_pools, v_misc_14, layout_vaults_maze_bifur
Vaults:2: vaults_room_semicircle, vaults_room_semicircle, v_misc_11,
          nicolae_vaults_closet_pinwheel_4, nicolae_vaults_closet_pinwheel_3,
          v_pattern_2, ontoclasm_vaults_gateway,
          nicolae_vaults_mini_display_case, layout_vaults_quadrants
Vaults:3: minmay_crypt_entry_simple_plaza, nicolae_vaults_tetromino_Z_1,
          vaults_room_fours, nicolae_vaults_windows_and_doors_thing,
          nicolae_vaults_alarming, nicolae_vaults_network_s,
          nicolae_vaults_security_offices_3, nicolae_vaults_rhombus_7,
          layout_vaults_omnicross, serial_shops, nicolae_shop_overgrown_old_shop
Vaults:4: hangedman_vaults_pinch, grunt_vaults_twisty, v_alt_pattern_3,
          ontoclasm_vaults_twist, nicolae_vaults_closet_pinwheel_5,
          ontoclasm_vaults_hangar, vaults_dpeg_spiral, hangedman_vaults_corner,
          vaults_standard_mumra_x, nicolae_vaults_house_1,
          hangedman_vaults_stretched_pinwheel, layout_vaults_ring
Vaults:5
Crypt:1:  layout_gridlike, minivault_5
Crypt:2:  minmay_shadows, layout_chaotic_city, nicolae_crypt_cryptocurrency,
          uniq_saint_roka, uniq_khufu
Crypt:3:  quadcrypt_mu
Depths:1: layout_cave_pools, hellmouth_1, minmay_misc_feat_square,
          guppyfry_shop_venom
Depths:2: minmay_the_grid_octo_2x2 [minmay_the_grid_octo_checkered,
          minmay_the_grid_octo_thin_diamonds, minmay_the_grid_octo_77,
          minmay_the_grid_octo_prize_ultimate_mussel_roller], layout_gridlike,
          enter_ziggurat_f, grunt_pan_entry_zigzag, hell_entry
Depths:3: minmay_nine_rooms, layout_honeycomb, abyss_entry_glasseish,
          pf_coc_iceberg, pan_entry, serial_library_hellmonk_angled_corner,
          infiniplex_staircase_x
Depths:4: grunt_zot_entry_pinwheel, layout_basic, hellmouth_3,
          nzn_wu_jian_contemplation, uniq_margery
Hell
Dis:1:    layout_regular_city
Dis:2:    layout_subdivisions, nicolae_hells_seeping_fissure
Dis:3:    layout_gridville
Dis:4:    layout_jigsaw
Dis:5:    layout_jigsaw, nicolae_dis_strange_trophy_room
Dis:6:    layout_gridville, nicolae_dis_step_into_the_octagon
Dis:7:    dis_hangedman
Geh:1:    layout_gehenna_pools_triple
Geh:2:    layout_gehenna_pools_basic
Geh:3:    layout_gehenna_lava_caves
Geh:4:    layout_gehenna_lava_caves
Geh:5:    layout_gehenna_lava_caves
Geh:6:    layout_gehenna_pools_basic, gehenna_fire_generator
Geh:7:    geh_grunt
Tar:1:    layout_honeycomb, nicolae_hells_hurtin_island
Tar:2:    layout_cathedral_of_symmetry
Tar:3:    layout_catacombs
Tar:4:    layout_honeycomb
Tar:5:    layout_honeycomb
Tar:6:    layout_catacombs, nicolae_tar_combstack
Tar:7:    tar_mu [tar_mu_maze]
Zot:1:    nicolae_moth_party, layout_twisted_circle,
          regret_index_zotdec_obsidian_hm
Zot:2:    layout_basic
Zot:3:    layout_onion_interference, hangedman_zot_wheel_spokes
Zot:4:    layout_basic
Zot:5:    layout_basic

Skill      XL: |  1  2  3  4  5  6  7  8  9 10 11 12 13 14 15 16 17 18 19 20 21 22 23 24 25 26 27 |
---------------+----------------------------------------------------------------------------------+-----
Axes           | 4 5 6 7 8 9 11 13 14 16 18 20 22 24 | 24.0
Fighting       | 4 6 8 10 11 13 16 18 20 22 25 27 | 27.0
Armour         | 4 6 7 9 11 12 13 15 16 19 20 21 25 27 | 27.0
Evocations     | 5 10 14 15 | 15.0
Dodging        | 4 6 7 9 10 14 17 25 | 25.1
Invocations    | 11 21 27 | 27.0
Translocations | 10 | 10.0
Air Magic      | 10 | 10.0

Action                     |  1- 3 |  4- 6 |  7- 9 | 10-12 | 13-15 | 16-18 | 19-21 | 22-24 | 25-27 || total
---------------------------+-------+-------+-------+-------+-------+-------+-------+-------+-------++-------
  Melee: Hand axe          |   129 |    64 |       |    15 |     5 |       |       |       |       ||   213
         War axe           |       |   185 |    27 |       |       |       |       |       |       ||   212
         Battleaxe         |       |       |   201 |   441 |   829 |   958 |       |       |       ||  2429
         Executioner's axe |       |       |       |       |       |    88 |  1025 |  1231 |  3514 ||  5858
  Throw: Stone             |     2 |    11 |    12 |     3 |     3 |       |       |       |       ||    31
         Dart              |       |       |       |       |       |       |       |       |     2 ||     2
   Cast: Vhi's Electric Ch |       |       |       |       |       |       |       |       |     2 ||     2
 Invoke: Berserk           |       |     5 |     2 |     5 |     2 |     4 |       |     5 |     1 ||    24
         Trog's Hand       |       |     1 |     4 |    12 |     4 |     9 |    15 |    12 |     3 ||    60
         Brothers in Arms  |       |       |       |     2 |     1 |     4 |     2 |     1 |       ||    10
         Summon Divine War |       |       |       |       |       |       |       |       |    15 ||    15
         Cleansing Flame   |       |       |       |       |       |       |       |       |    14 ||    14
         Divine Shield     |       |       |       |       |       |       |       |       |     7 ||     7
         Brand Weapon With |       |       |       |       |       |       |       |       |     1 ||     1
  Evoke: Wand              |       |       |       |     2 |     3 |    15 |     5 |       |     3 ||    28
         Box of beasts     |       |       |       |       |     1 |     2 |     1 |     2 |     1 ||     7
         Lightning rod     |       |       |       |       |       |     9 |     2 |     2 |     3 ||    16
         Phantom mirror    |       |       |       |       |       |     2 |       |     1 |     1 ||     4
         Condenser vane    |       |       |       |       |       |       |       |     3 |     4 ||     7
         Phial of floods   |       |       |       |       |       |       |       |     1 |       ||     1
    Use: Scroll            |     2 |     4 |    13 |     8 |     6 |     8 |     5 |     4 |    12 ||    62
         Potion            |       |       |       |     1 |     2 |    10 |       |     5 |    27 ||    45
   Stab: Distracted        |       |       |       |       |     1 |       |     1 |       |       ||     2
         Invisible         |       |       |       |       |       |     5 |       |       |       ||     5
         Held in net/web   |       |       |       |       |       |     1 |       |       |       ||     1
 Armour: Animal skin       |    12 |       |       |       |       |       |       |       |       ||    12
         Plate armour      |   142 |   188 |   298 |   494 |   248 |       |       |       |       ||  1370
         Crystal plate arm |       |       |       |       |   551 |       |       |       |       ||   551
         Pearl dragon scal |       |       |       |       |   215 |  1470 |  1058 |  1682 |  3280 ||  7705
  Dodge: Dodged            |    35 |    77 |    81 |   138 |   353 |   801 |   606 |   862 |  2593 ||  5546
  Block: Other             |       |       |       |    54 |   181 |   113 |   176 |   259 |   699 ||  1482
         Reflection        |       |       |       |     1 |    20 |     3 |    17 |     6 |    16 ||    63

Table legend: (Time is in decaauts)
 A = Elapsed time spent in this place.
 B = Non-inter-level travel time spent in this place.
 C = Inter-level travel time spent in this place.
 D = Time resting spent in this place.
 E = Time spent auto-exploring this place.
 F = Levels seen in this place.
 G = Mean time per level.
                   A        B        C        D        E       F      G
               +--------+--------+--------+--------+--------+-----+--------+
         Total | 101701 |  94853 |   6848 |  23506 |  47825 | 105 |  968.6 |
       Dungeon |  18373 |  15968 |   2405 |   3137 |   9500 |  15 | 1224.9 |
        Temple |     50 |      1 |     49 |      0 |      0 |   1 |   50.0 |
          Lair |   9430 |   8461 |    969 |   1752 |   5173 |   5 | 1886.0 |
        Shoals |   6689 |   6352 |    337 |   1879 |   2774 |   4 | 1672.2 |
   Spider Nest |   6617 |   6184 |    433 |   1425 |   3489 |   4 | 1654.2 |
    Slime Pits |   1904 |   1830 |     74 |    505 |    805 |   5 |  380.8 |
  Orcish Mines |   1899 |   1752 |    147 |    392 |   1076 |   2 |  949.5 |
   Elven Halls |   4882 |   4636 |    246 |    413 |   3003 |   3 | 1627.3 |
        Vaults |   9137 |   8441 |    696 |   1529 |   5302 |   5 | 1827.4 |
         Crypt |   5319 |   5152 |    167 |    950 |   3140 |   3 | 1773.0 |
        Depths |   8266 |   7837 |    429 |   2229 |   4221 |   4 | 2066.5 |
          Hell |   1424 |   1296 |    128 |    642 |    343 |   1 | 1424.0 |
           Dis |   1451 |   1344 |    107 |    655 |    223 |   7 |  207.3 |
       Gehenna |   1620 |   1536 |     84 |    415 |    128 |   7 |  231.4 |
      Tartarus |   3427 |   3096 |    331 |   1423 |    539 |   7 |  489.6 |
           Zot |   6596 |   6358 |    238 |   1471 |   3916 |   5 | 1319.2 |
         Abyss |   1559 |   1559 |      0 |    981 |     82 |   4 |  389.8 |
   Pandemonium |  10912 |  10912 |      0 |   3598 |   2845 |  20 |  545.6 |
         Trove |     67 |     67 |      0 |      0 |      7 |   1 |   67.0 |
      Ice Cave |   1115 |   1115 |      0 |      0 |    757 |   1 | 1115.0 |
      Gauntlet |    955 |    955 |      0 |    104 |    500 |   1 |  955.0 |
               +--------+--------+--------+--------+--------+-----+--------+

Top non-repeatable levels by time:
Depths:3: 3075 daAuts
Vaults:4: 2900 daAuts
Shoals:4: 2886 daAuts
 Crypt:3: 2279 daAuts
  Lair:2: 2245 daAuts
   Zot:2: 2227 daAuts
Depths:2: 2104 daAuts
  Lair:3: 2033 daAuts
Spider:2: 2005 daAuts
  Lair:1: 1999 daAuts
  Lair:5: 1928 daAuts
   Elf:2: 1901 daAuts
    D:15: 1792 daAuts
Spider:4: 1741 daAuts
Vaults:3: 1725 daAuts
